 Dungeon Crawl Stone Soup version 0.29.1-13-g9f3cf754e1 (webtiles) character file.

Game seed: 11611138980414936560

44 Oxelix the Chopper (level 3, -8/33 HPs)
             Began as a Hill Orc Monk on Feb 11, 2023.
             Mangled by a worm (10 damage)
             ... on level 2 of the Dungeon.
             The game lasted 00:01:39 (1346 turns).

Oxelix the Chopper (Hill Orc Monk)                  Turns: 1346, Time: 00:01:39

Health: -8/33      AC:  2    Str: 15    XL:     3   Next: 62%
Magic:  3/3        EV: 12    Int: 10    God:
Gold:   84         SH:  0    Dex: 13    Spells: 2/2 levels left

rFire   + . .      SeeInvis .   a - +0 hand axe
rCold   . . .      Faith    .   (no shield)
rNeg    . . .      Spirit   .   b - +0 robe
rPois   .          Reflect  .   (no helmet)
rElec   .          Harm     .   (no cloak)
rCorr   .          Rampage  .   (no gloves)
Will    .....                   (no boots)
Stlth   +.........              (no amulet)
HPRegen 0.11/turn               j - ring of protection from fire
MPRegen 0.08/turn               (no ring)

@: confused, ambrosia-drunk
A: no striking features
a: no special abilities


You were on level 2 of the Dungeon.
You visited 1 branch of the dungeon, and saw 2 of its levels.

You collected 84 gold pieces.

Inventory:

Hand Weapons
 a - a +0 hand axe (weapon)
Armour
 b - a +0 robe (worn)
Jewellery
 j - a ring of protection from fire (left hand)
Scrolls
 d - a scroll of enchant weapon {unknown}
 e - a scroll of butterflies {unknown}
 g - 2 scrolls of poison {unknown}
 h - a scroll of identify {unknown}
 i - a scroll of immolation {unknown}
 l - a scroll of magic mapping {unknown}
 m - a scroll of teleportation {unknown}
Potions
 f - a potion of might {unknown}
 k - a potion of heal wounds {unknown}
 n - a potion of magic {unknown}


   Skills:
 + Level 4.3 Fighting
 * Level 5.4 Axes
 - Level 2.4 Dodging
 - Level 1.5 Stealth


You had 2 spell levels left.
You didn't know any spells.
Your spell library was empty.

Dungeon Overview and Level Annotations

Branches:
Dungeon (2/15)

Altars:


Message History

You kill the rat!
You hit the quokka but do no damage. The quokka bites you.
The quokka bites you. The rat bites you but does no damage.
Things that are here:
a rat corpse; a rat corpse The rat attacks as you move away!
The rat closely misses you.
A worm comes into view.
The quokka barely misses you.
You hit the worm.
The worm is lightly wounded.
You hit the quokka. The quokka closely misses you. The worm bites you!
The rat twitches its whiskers.
You hit the worm but do no damage. You hit the quokka.
The quokka barely misses you. The worm bites you.
* * * LOW HITPOINT WARNING * * *
The quokka closely misses you.
You hit the worm.
The worm is lightly wounded.
You hit the quokka but do no damage. You hit the rat but do no damage.
The rat bites you.
* * * LOW HITPOINT WARNING * * *
The quokka bites you.
* * * LOW HITPOINT WARNING * * *
You are confused.
You feel invigorated. The quokka misses you. The gnoll closely misses you.
The rat bites you.
* * * LOW HITPOINT WARNING * * *
The worm misses you.
You closely miss the worm.
The worm is lightly wounded.
You closely miss the quokka. You miss the rat. The quokka bites you.
The gnoll hits you from afar with a +0 spear.
* * * LOW HITPOINT WARNING * * *
The rat bites you but does no damage.
You bump into the rock wall.
The quokka bites you.
* * * LOW HITPOINT WARNING * * *
The gnoll hits you from afar with a +0 spear.
* * * LOW HITPOINT WARNING * * *
The rat closely misses you. The worm bites you!
You die...

#########....#...
#........##..##..
#.....)..###.###.##
.#........# #...#††#######..
....#.#..####..###†)...g....
#......# #..## #.##.####..
##.##..###...###g# ...
#.##..##..#.##rr# ####
####.###.......w@r##
#....###....##.####
#.#####......#.#
..#####...##.#.#
..........##.#.#####
######...#.........# #
##.#...........#
###..##..........#
###...####.........#


You could see a worm, a gnoll, a quokka and 2 rats.

Vanquished Creatures
  A gnoll (D:2)
  A bat (D:1)
  2 endoplasms (D:1)
  3 giant cockroaches
  2 goblins (D:1)
  4 jackals (D:1)
  A quokka (D:1)
  3 ball pythons (D:1)
  2 frilled lizards (D:1)
  3 kobolds
  13 rats
35 creatures vanquished.

Notes
Turn   | Place    | Note
-------+----------+-------------------------------------------
     0 | D:1      | Oxelix the Hill Orc Monk began the quest for the Orb.
     0 | D:1      | Reached XP level 1. HP: 19/19 MP: 1/1
   212 | D:1      | Reached XP level 2. HP: 27/27 MP: 2/2
   820 | D:1      | Reached skill level 5 in Axes
   823 | D:1      | Reached XP level 3. HP: 24/33 MP: 3/3
  1346 | D:2      | Mangled by a worm

Illustrated notes

Levels and vault maps discovered:
D:1:      shiori_shiawase, layout_basic
D:2:      layout_rooms, minmay_rat_hole

Skill      XL: |  1  2 |
---------------+-------+-----
Fighting       | 4 |  4.3
Axes           | 5 |  5.4
Dodging        | |  2.4
Stealth        | |  1.5

Action                   || total
-------------------------++-------
Melee: Hand axe          ||    93
  Use: Potion            ||     1
 Stab: Sleeping          ||     7
Armor: Robe              ||    17
Dodge: Dodged            ||    67
